 Dungeon Crawl Stone Soup version 0.30-a0-576-g89cddaab80 (webtiles) character file.

Game seed: 12778087895730786644

367 Shayle the Conjurer (level 6, 0/37 HPs)
             Began as a Tengu Reaver on Dec 30, 2022.
             Succumbed to a scorpion's poison
             ... on level 4 of the Dungeon.
             The game lasted 00:05:50 (2416 turns).

Shayle the Conjurer (Tengu Reaver)                  Turns: 2416, Time: 00:05:51

Health: 0/37       AC:  3    Str: 12    XL:     6   Next: 69%
Magic:  11/11      EV: 15    Int: 17    God:
Gold:   179        SH:  0    Dex: 13    Spells: 10/11 levels left

rFire   . . .      SeeInvis .    c - +5 hand axe "Plog" {drain, rElec Will+ Int+2}
rCold   . . .      Faith    .    (no shield)
rNeg    . . .      Spirit   .    b - +0 leather armour
rPois   .          Reflect  .    (helmet restricted)
rElec   +          Harm     .    (no cloak)
rCorr   .          Rampage  .    (no gloves)
Will    +....                    (boots unavailable)
Stlth   ++                       (no amulet)
HPRegen 0.26/turn                (no ring)
MPRegen 0.12/turn                (no ring)

@: mighty, brilliant, lethally poisoned (0 -> -7), attractive, flying quickly
and evasively, invisible, quick
A: beak, talons 3, nimble flight
a: no special abilities


You were on level 4 of the Dungeon.
You visited 1 branch of the dungeon, and saw 4 of its levels.

You collected 179 gold pieces.

Inventory:

Hand Weapons
 a - a +0 short sword
 c - the +5 hand axe "Plog" (weapon) {drain, rElec Will+ Int+2}
   (You found it on level 2 of the Dungeon)

   A truly terrible weapon, it drains the life of any living foe it strikes.
   Int:       It affects your intelligence (+2).
   rElec:     It insulates you from electricity.
   Will:      It increases your willpower.
 p - the +6 trident of Noon {antimagic, *Noise rElec rC++ rCorr}
   (You found it on level 2 of the Dungeon)

   It reduces the magical energy of the wielder, and disrupts the spells and
   magical abilities of those it strikes.
   Natural abilities and divine invocations are not affected.
   rC:        It greatly protects you from cold.
   rElec:     It insulates you from electricity.
   *Noise:    It may make noises in combat.
   rCorr:     It protects you from acid and corrosion.
 t - a +3 short sword of protection
Armour
 b - a +0 leather armour (worn)
Jewellery
 j - a ring of fire
 k - a ring of ice
 n - an amulet of faith
Scrolls
 d - 2 scrolls of blinking {unknown}
 e - 2 scrolls of amnesia {unknown}
 h - 3 scrolls of identify {unknown}
 i - a scroll of fog {unknown}
 m - a scroll of enchant weapon {unknown}
 q - a scroll of enchant armour {unknown}
 r - a scroll of silence {unknown}
 v - a scroll of poison {unknown}
 w - a scroll of teleportation {unknown}
 y - a scroll of fear {unknown}
 B - a scroll of vulnerability {unknown}
Potions
 f - a potion of haste {unknown}
 o - a potion of might
 s - a potion of attraction
 u - 2 potions of brilliance
 x - a potion of lignification {unknown}
 z - a potion of berserk rage {unknown}
 A - a potion of ambrosia {unknown}
 C - a potion of heal wounds {unknown}
 D - a potion of flight {unknown}


   Skills:
 + Level 3.1 Fighting
 - Level 3.2 Short Blades
 + Level 3.5 Dodging
 + Level 2.7 Stealth
 + Level 3.1 Spellcasting
 - Level 4.0 Conjurations
 + Level 2.6 Necromancy
 + Level 1.8 Earth Magic


You had 10 spell levels left.
You knew the following spells:

 Your Spells              Type           Power      Damage    Failure   Level
a - Kiss of Death         Conj/Necr      80%        2d11      5%          1

Your spell library contained the following spells:

 Spells                   Type           Power      Damage    Failure   Level
 Momentum Strike          Conj/Tloc      28%        3d8       14%         2
 Hailstorm                Conj/Ice       14%        3d5       28%         3
 Ozocubu's Armour         Ice            3%         N/A       54%         3
 Ozocubu's Refrigeration  Ice            1%         4d7       100%        7


Dungeon Overview and Level Annotations

Branches:
Dungeon (4/15)
 Temple: D:4-7

Altars:

Annotations:
D:3 2 transporters, bmack86's ghost, amateur MiFi


Innate Abilities, Weirdness & Mutations

You have a beak for a mouth.
You have claws for feet.
Your magical nature lets you fly swiftly and evasively.


Message History

A scorpion comes into view.
The iguana bites you.
The scorpion moves out of view.
You closely miss the iguana. You claw the iguana.
You peck the iguana, but do no damage.
The iguana is moderately wounded.
The iguana completely misses you. The iguana bites you!
* * * LOW HITPOINT WARNING * * *
You hit the iguana but do no damage. You claw the iguana.
The iguana is heavily wounded.
The iguana misses you.
You hit the iguana.
The iguana is severely wounded.
The iguana closely misses you.
You barely miss the iguana.
The iguana is severely wounded.
The iguana bites you!
* * * LOW HITPOINT WARNING * * *
The iguana barely misses you.
You feel better. The iguana bites you.
* * * LOW HITPOINT WARNING * * *
Okay, then.
Okay, then.
It was a potion of brilliance.
You feel clever all of a sudden. The scorpion closely misses you.
The iguana barely misses you.
It was a potion of might.
You feel very mighty all of a sudden. The scorpion misses you.
The iguana closely misses you.
It was a potion of attraction.
You feel attractive to monsters. The scorpion closely misses you.
The iguana bites you.
* * * LOW HITPOINT WARNING * * *
The scorpion stings you.
* * * LOW HITPOINT WARNING * * *
You are lethally poisoned!
The scorpion poisons you!
Okay, then.
It was a potion of invisibility.
You fade into invisibility!
You die...

### .. ###.. <. ...#
.. #..##. ..####....
. .#.......
.........s## # ....#
#@)## .###
......####l.###.....
#....))).......## #
##.###)...##..##..#
# #..#.#........#
....##...###.#..#
....## ##..# #....
..### #..# ... .
#..##.#


You could see a scorpion (unable to see you) and an iguana (unable to see you).

Vanquished Creatures
  A scorpion (D:4)
  2 orc priests (D:4)
  3 orc wizards
  A gnoll (D:1)
  6 adders
  2 worms (D:2)
  14 orcs
  8 bats
  5 endoplasms
  3 giant cockroaches
  8 goblins
  5 hobgoblins
  10 kobolds
  4 quokkas
  8 ball pythons
  2 frilled lizards
  5 rats
87 creatures vanquished.

Vanquished Creatures (others)
  3 fungi (D:3)
  2 plants (D:3)
5 creatures vanquished.

Grand Total: 92 creatures vanquished

Notes
Turn   | Place    | Note
-------+----------+-------------------------------------------
     0 | D:1      | Shayle the Tengu Reaver began the quest for the Orb.
     0 | D:1      | Reached XP level 1. HP: 12/12 MP: 4/4
   159 | D:1      | You fall into a shaft and drop 1 floor!
   165 | D:2      | Identified the +5 hand axe "Plog" {drain, rElec Will+
                  | Int+2}
   198 | D:1      | Reached XP level 2. HP: 16/17 MP: 6/6
   384 | D:1      | Reached skill level 1 in Stealth
   384 | D:1      | Reached XP level 3. HP: 18/21 MP: 7/7
   484 | D:1      | Reached skill level 1 in Necromancy
  1183 | D:2      | Identified the +6 trident of Noon {antimagic, *Noise rElec
                  | rC++ rCorr}
  1281 | D:2      | Reached XP level 4. HP: 27/27 MP: 8/8
  1326 | D:2      | Reached skill level 1 in Earth Magic
  1802 | D:3      | Gained mutation: Your magical nature lets you fly swiftly
                  | and evasively. [Tengu growth]
  1802 | D:3      | Reached XP level 5. HP: 31/31 MP: 9/9
  1936 | D:3      | Noticed bmack86's ghost (amateur MiFi)
  1937 | D:3      | Found a transporter.
  1957 | D:3      | Found a transporter.
  1980 | D:3      | Found a faded altar of an unknown god.
  2315 | D:4      | Reached XP level 6. HP: 37/37 MP: 11/11
  2416 | D:4      | Succumbed to a scorpion's poison

Illustrated notes

Levels and vault maps discovered:
D:1:      dpeg_arrival_fog, layout_basic, grunt_decor_clamped
D:2:      layout_basic, hangedman_abyss_or_decor_lesser_grid,
          minmay_joined_circles
D:3:      layout_basic, gammafunk_ghost_arena,
          shapermc_ecumenical_altar_mp_urbaneastern, dk_noncrumbling_4,
          dk_vineyard_1
D:4:      layout_rooms, due_unseen_surprise

Skill      XL: |  1  2  3  4  5  6 |
---------------+-------------------+-----
Stealth        | 1 2 |  2.7
Necromancy     | 1 2 |  2.6
Earth Magic    | 1 |  1.8
Dodging        | 3 |  3.5
Fighting       | 3 |  3.1
Spellcasting   | 3 |  3.1
Short Blades   | |  3.2
Conjurations   | |  4.0

Action                   |  1- 3 |  4- 6 || total
-------------------------+-------+-------++-------
Melee: Short sword       |    21 |       ||    21
       Kick              |    11 |    21 ||    32
       Hand axe          |    57 |   105 ||   162
       Peck              |     7 |    18 ||    25
       Punch             |       |     1 ||     1
 Cast: Kiss of Death     |     1 |       ||     1
  Use: Potion            |       |     7 ||     7
 Stab: Sleeping          |     3 |     2 ||     5
Armor: Leather armour    |    24 |    25 ||    49
Dodge: Dodged            |    49 |    91 ||   140

Table legend: (Time is in decaauts)
 A = Elapsed time spent in this place.
 B = Non-inter-level travel time spent in this place.
 C = Inter-level travel time spent in this place.
 D = Time resting spent in this place.
 E = Time spent auto-exploring this place.
 F = Levels seen in this place.
 G = Mean time per level.
                   A        B        C        D        E       F      G
               +--------+--------+--------+--------+--------+-----+--------+
         Total |   2416 |   2323 |     93 |     69 |   1580 |   4 |  604.0 |
       Dungeon |   2416 |   2323 |     93 |     69 |   1580 |   4 |  604.0 |
               +--------+--------+--------+--------+--------+-----+--------+

Top non-repeatable levels by time:
     D:1: 1058 daAuts
     D:2: 713 daAuts
     D:3: 528 daAuts
     D:4: 114 daAuts
